 Dungeon Crawl Stone Soup version 0.18-a0-1797-gc18daef (webtiles) character file.

1464198 Yermak the Slayer (level 27, 236/236 (242) HPs)
             Began as a Mummy Warper on Apr 22, 2016.
             Was the Champion of Ru.
             Escaped with the Orb
             ... and 3 runes!
             The game lasted 08:35:24 (115305 turns).

Yermak the Slayer (Mummy Warper)                  Turns: 115305, Time: 08:35:25

HP:   236/236 (242) AC: 38    Str: 29    XL:     27
MP:   32/32         EV: 25    Int: 13    God:    Ru [******]
Gold: 6903          SH: 15    Dex: 19    Spells: 6 memorised, 16 levels left

rFire  . . .     SeeInvis +     a - +9 eveningstar (chaos)
rCold  + . .     Gourm    .     i - +8 fire dragon armour
rNeg   + + +     Faith    .     O - +3 buckler {rC+}
rPois  ∞         Spirit   .     l - +2 helmet
rElec  .         Dismiss  .     D - +2 cloak {+Inv}
rCorr  .         Reflect  +     E - +2 pair of gloves
SustAt .         Harm     .     I - +2 pair of boots of the Assassin {DetectMon Stab+ Stlth++}
MR     +++..                    Z - +6 amulet of reflection
Stlth  ..........               c - ring of the Eleven Beds {Ice Str+8 SInv Stlth+}
                                f - ring of Mugejuor {rF+ rN+ Dex+2, =R}

@: very slightly contaminated, extremely resistant to hostile enchantments,
extremely unstealthy
A: no food or potions, fire vulnerability, cold resistance 1, negative energy
resistance 3, screaming 1, torment resistance, unbreathing, no stealth, hated by
all, no air magic, no necromancy magic, no summoning magic, in touch with death
2, restore body, temperature sensitive
a: Self-Restoration, Draw Out Power, Power Leap, Apocalypse, Renounce Religion,
Evoke Invisibility
0: Orb of Zot
}: 3/15 runes: barnacled, slimy, gossamer


You escaped.
You worshipped Ru.
Ru was exalted by your worship.
You were not hungry.

You visited 11 branches of the dungeon, and saw 59 of its levels.
You also visited: Trove and Wizlab.

You collected 9176 gold pieces.
You spent 2273 gold pieces at shops.

Inventory:

Hand Weapons
 a - a +9 eveningstar of chaos (weapon)
 q - a +0 blowgun
Missiles
 w - 7 curare-tipped needles
 y - 66 javelins (quivered)
 H - 49 silver javelins
 K - 3 javelins of penetration
 Y - 19 throwing nets
Armour
 i - a +8 fire dragon armour (worn)
 l - a +2 helmet (worn)
 D - a +2 cloak of invisibility (worn)
 E - a +2 pair of gloves (worn)
 I - the +2 pair of boots of the Assassin (worn) {DetectMon Stab+ Stlth++}
   (You found it on level 3 of the Elven Halls)

   It makes you much more stealthy.
 L - the cursed +0 plate armour "Uxohirchyqo" {Str+4 SInv, unknown}
   (You found it on level 4 of the Realm of Zot)

   It affects your strength (+4).
   It lets you see invisible.
   It has a curse placed upon it.
 O - a +3 buckler of cold resistance (worn)
Jewellery
 c - the ring of the Eleven Beds (right hand) {Ice Str+8 SInv Stlth+}
   (You took it off a deep elf annihilator on level 3 of the Elven Halls)

   [ring of ice]

   It enhances your ice magic, and weakens your fire magic.
   It affects your strength (+8).
   It makes you vulnerable to fire.
   It protects you from cold.
   It lets you see invisible.
   It makes you more stealthy.
 e - a +3 ring of evasion
 f - the ring of Mugejuor (left hand) {rF+ rN+ Dex+2, =R}
   (You took it off a necromancer on level 3 of the Crypt)

   [ring of positive energy]

   It affects your dexterity (+2).
   It protects you from fire.
   It protects you from negative energy.
 g - an uncursed ring of resist corrosion
 m - the ring "Ofeod" {rC+ rN+ MR++ Dex-2}
   (You found it on level 4 of the Depths)

   [ring of protection from cold]

   It affects your dexterity (-2).
   It protects you from cold.
   It protects you from negative energy.
   It affects your resistance to hostile enchantments.
 r - an uncursed amulet of regeneration
 F - an uncursed ring of protection from fire
 Z - a +6 amulet of reflection (around neck)
Wands
 b - a wand of paralysis (8/24)
 j - a wand of heal wounds (3/9)
 o - a wand of acid (7/15)
 p - a wand of disintegration (9/24)
 s - a wand of heal wounds (4/9)
 t - a wand of lightning (6/15)
 u - a wand of disintegration (13/24)
 x - a wand of teleportation (3/9)
 B - a wand of lightning (5/15)
 G - a wand of hasting (2/9)
 M - a wand of lightning (12/15)
 Q - a wand of acid (8/15)
 R - a wand of hasting (0/9)
 S - a wand of disintegration (8/24)
 V - a wand of teleportation (4/9)
 X - a wand of lightning (7/15)
Scrolls
 d - 7 scrolls of blinking
 h - 17 scrolls of fog
 k - 12 scrolls of magic mapping
 n - 3 scrolls of torment
 v - 7 scrolls of enchant armour
 z - a scroll of silence
 A - 8 scrolls of immolation
 C - 25 scrolls of remove curse
 J - a scroll of enchant weapon
 N - 11 scrolls of recharging
 T - 17 scrolls of teleportation
 U - 10 scrolls of fear
Miscellaneous
 P - a lamp of fire
 W - a fan of gales


   Skills:
 + Level 25.1 Fighting
 - Level 20.1 Maces & Flails
 - Level 16.1 Throwing
 - Level 19.1 Armour
 - Level 17.8 Dodging
 - Level 5.2 Shields
 - Level 2.0 Spellcasting
 - Level 3.0 Charms
 - Level 9.0 Translocations
 - Level 3.0 Transmutations
 - Level 3.0 Earth Magic
 - Level 12.0 Evocations


You had 16 spell levels left.
You knew the following spells:

 Your Spells              Type           Power        Failure   Level  Hunger
c - Passwall              Trmt/Erth      #.........   21%         2    N/A
d - Blink                 Tloc           N/A          1%          2    N/A
g - Passage of Golubria   Tloc           N/A          12%         4    N/A
h - Shroud of Golubria    Chrm/Tloc      ###.......   6%          2    N/A
j - Portal Projectile     Tloc           ###...       3%          3    N/A
o - Apportation           Tloc           ###.......   1%          1    N/A

Dungeon Overview and Level Annotations

Branches:
Dungeon (15/15)            Temple (0/1) D:7            Lair (8/8) D:11
 Shoals (4/4) Lair:5       Spider (4/4) Lair:5        Slime (6/6) Lair:7
    Orc (2/2) D:11            Elf (3/3) Orc:2        Vaults (4/5) D:13
  Crypt (3/3) Vaults:3       Tomb (0/3) Crypt:3      Depths (5/5) D:15
    Zot (5/5) Depths:5

Altars:
Ashenzari
Dithmenos
Elyvilon
Kikubaaqudgha
Makhleb
Nemelex Xobeh
Okawaru
Pakellas
Qazlal
Ru
Trog
Vehumet
Yredelemnul
Jiyva

Shops:
D:6 }![   D:8 (   D:13 ?   Orc:2 =%%(   Elf:2 !   Elf:3 [   Shoals:2 }
Shoals:3 [   Vaults:4 *   Depths:2 (   Depths:4 (

Portals:
Hell: Depths:1 Depths:2 Depths:3 Depths:4 Depths:5
Abyss: Depths:3 Depths:4
Pandemonium: Depths:3
Ziggurat: Depths:1

Annotations:
Crypt:2 920


Innate Abilities, Weirdness & Mutations

You do not eat or drink.
Your flesh is vulnerable to fire.
You are immune to poison.
Your flesh is cold resistant.
You are immune to negative energy.
You occasionally shout uncontrollably at your foes.
You are immune to unholy pain and torment.
You can survive without breathing.
You cannot be stealthy.
You are hated by all.
You cannot study or cast Air magic.
You cannot study or cast Necromancy magic.
You cannot study or cast Summoning magic.
You are strongly in touch with the powers of death.
You can restore your body by infusing magical energy.
You are sensitive to extremes of temperature (rF-, rC-).


Message History

(V) Vaults (C) Crypt (W) Tomb (U) Depths (H) Hell (Z) Zot
Where to? (Enter - D:2 @ (x,y), ? - help) Magic restored.
You sense a monster nearby.
A rust devil comes into view.
There is a stone staircase leading up here.
You climb upwards.
There is a stone staircase leading down here.
Unknown command.
Unknown command.
You see here a dagger.
There is an open door here.
An Orb Guardian comes into view.
Your extra speed is starting to run out.
You feel yourself slow down.
There is a huge open gate here.
There is a staircase leading out of the dungeon here.
The Orb Guardian hits you but does no damage.
You have escaped!

##...## #.# #.#
##..)..## ##.#
#.#### ##.......##
#..# #.##.#
###.........####
#..#######.#...
..X.........'..#
#..............
###.........####
#♣.#######.#...
##......>## ♣..#
#.##.# ##.....##
######.# #.####
##...## #@X..'.##
#...# ##'##
#....'..# ###.# #.#
#....'..# ##.##
#### #.####
#....'..# #...#
...#
##.##.##########..#
#...#
##.###........#
#♣♣..# ####...#
#.##......####
#....# #.......
##.###...#.#
#..#.###.......
...........#
#..............


You could see an Orb Guardian.

Vanquished Creatures
  Dissolution (Slime:5)
  the Royal Jelly (Slime:6)
  Mara (Spider:4)
  6 orbs of fire (Zot:5)
  Mennas (Depths:5)
  A pandemonium lord (D:2)
  7 ancient liches
  Norris (Elf:2)
  Margery (Vaults:4)
  3 Killer Klowns (Zot:5)
  5 curse toes
  4 caustic shrikes
  8 golden dragons
  2 bone dragons
  Jory (Depths:5)
  An iron giant (Depths:3)
  Arachne (Spider:3)
  The ghost of wvc the Warrior, an adept HuMo of Jiyva (Elf:3)
  4 electric golems
  A Cloud Mage (WizLab)
  Jorgrun (Vaults:2)
  26 Orb Guardians
  7 liches
  6 tentacled monstrosities
  2 deep elf master archers (Elf:3)
  Asterion (Spider:1)
  25 acid blobs
  3 deep elf blademasters
  The ghost of JetFlynn the Brawler, an adept TrMo of Cheibriados (Spider:1)
  A titan (Zot:2)
  2 quicksilver dragons
  3 sphinxes
  4 ancient champions
  5 shadow dragons
  11 death cobs
  Kirke (D:13)
  15 storm dragons
  3 tengu reavers
  Roxanne (D:15)
  A revenant (Crypt:1)
  Ilsuiw (Shoals:4)
  5 draconian monks
  Maud (Lair:5)
  5 draconian knights
  8 deep elf sorcerers
  2 iron dragons
  8 ghost moths
  A ghost moth (shapeshifter) (Zot:2)
  11 frost giants
  12 azure jellies
  10 vault wardens
  7 fire giants
  9 draconian shifters
  7 emperor scorpions
  Aizul (Vaults:4)
  12 draconian zealots
  6 draconian scorchers
  3 curse skulls
  4 draconian annihilators
  22 stone giants
  2 deep elf elementalists (Elf:3)
  14 ironheart preservers
  5 reapers
  4 ghouls (Crypt:2)
  5 draconian callers
  10 very ugly things
  11 green draconians
  10 deep elf demonologists
  9 black draconians
  5 spark wasps
  6 vampire knights
  3 salamander stormcallers
  5 purple draconians
  A dire elephant (D:15)
  7 deep elf annihilators
  16 yellow draconians
  7 red draconians
  10 white draconians
  11 mottled draconians
  13 eidola
  8 death oozes
  10 merfolk javelineers
  25 fire dragons
  Snorg (Orc:1)
  A blizzard demon (Depths:3)
  13 ettins
  6 vault guards
  3 jiangshi
  12 deep elf death magi
  13 merfolk impalers
  A green death (Depths:2)
  A mummy priest (Crypt:3)
  A quicksilver dragon zombie (Crypt:3)
  14 ogre magi
  15 yaktaur captains
  9 entropy weavers
  6 deep elf high priests
  2 rakshasas
  Erolcha (Orc:1)
  2 hell beasts
  17 great orbs of eyes
  2 quicksilver dragon skeletons (Crypt:3)
  9 hydras
  8 spriggan air magi
  An entropy weaver (shapeshifter) (Zot:2)
  A catoblepas (D:13)
  16 ice dragons
  A juggernaut simulacrum (Depths:4)
  A hydra (shapeshifter) (D:13)
  4 merfolk avatars
  8 merfolk aquamancers
  2 death knights
  3 alligator snapping turtles
  11 death yaks
  2 satyrs (Shoals:2)
  4 deep troll shamans
  13 centaur warriors
  A queen ant (Lair:5)
  27 dancing weapons
  4 deep troll earth magi
  A titan zombie (Depths:1)
  4 vampire magi
  15 spriggan berserkers
  22 tengu warriors
  18 hell knights
  4 orc high priests
  19 deep elf knights
  A titan skeleton (Crypt:3)
  Nergalle (Lair:4)
  A storm dragon zombie (Crypt:3)
  4 sun demons
  12 soul eaters
  2 fire crabs
  5 shadow wraiths
  A spark wasp zombie (Depths:4)
  The ghost of epen the Archer, a novice CeHu of Okawaru (D:8)
  3 iron trolls
  27 skeletal warriors
  2 fire crabs (shapeshifter) (Depths:2)
  11 sea snakes
  An unseen horror (shapeshifter) (Vaults:1)
  15 unseen horrors
  8 giant orange brains
  2 golden dragon zombies
  6 wizards
  17 deep elf archers
  9 hill giants
  4 flayed ghosts
  An anubis guard (Zot:3)
  22 deep trolls
  An anaconda zombie (Crypt:1)
  A shadow dragon zombie (Crypt:3)
  A giant orange brain (shapeshifter) (Depths:1)
  A lindwurm (shapeshifter) (Depths:2)
  An obsidian statue (Spider:1)
  11 phantasmal warriors
  6 harpies
  20 necromancers
  Pikel (D:7)
  15 orc knights
  74 deep elf magi
  8 orc sorcerers
  An orange crystal statue (Zot:5)
  A sphinx zombie (Depths:1)
  A harpy (shapeshifter) (D:12)
  An orb spider (shapeshifter) (Elf:1)
  13 ironbrand convokers
  3 stone giant zombies
  55 ugly things
  9 griffons
  9 shining eyes
  A wolf spider zombie (Crypt:3)
  21 orb spiders
  48 wolf spiders
  6 fauns
  2 shadow dragon skeletons
  A tengu skeleton (Depths:4)
  31 elephants
  A sixfirhy (D:2)
  31 moths of wrath
  14 cyclopes
  A moth of wrath (shapeshifter) (Depths:4)
  11 hornets
  3 salamanders
  7 sirens
  A dire elephant zombie (Crypt:2)
  10 manticores
  A guardian serpent (Lair:8)
  2 frost giant skeletons
  7 water nymphs
  An ice statue (Depths:3)
  6 black mambas
  A black mamba (shapeshifter) (Depths:2)
  11 vault sentinels
  6 eyes of devastation
  A smoke demon (D:1)
  3 gargoyles
  10 rust devils
  3 torpor snails
  A yaktaur zombie (Vaults:4)
  21 spiny frogs
  A dire elephant skeleton (Crypt:1)
  A catoblepas zombie (Crypt:3)
  10 freezing wraiths
  13 demonic crawlers
  15 komodo dragons
  A guardian mummy (Crypt:3)
  2 kobold demonologists (D:15)
  A rime drake (shapeshifter) (Vaults:3)
  2 efreet (Depths:3)
  7 ice devils
  A hydra zombie (Crypt:3)
  61 yaktaurs
  An anaconda simulacrum (Crypt:3)
  A tormentor (Zot:1)
  An iron troll skeleton (Crypt:2)
  4 red devils (Depths:3)
  6 trolls
  4 tengu conjurers
  15 hellwings
  2 polar bears (Lair:5)
  25 merfolk
  2 queen bees (shapeshifter)
  51 jumping spiders
  20 two-headed ogres
  4 fire dragon zombies (Crypt:3)
  11 wind drakes
  158 slime creatures
  An ushabti (Crypt:3)
  A stone giant simulacrum (Crypt:2)
  11 blink frogs
  4 boulder beetles
  2 hydra skeletons (Crypt:3)
  A two-headed ogre (shapeshifter) (Depths:4)
  4 snapping turtles
  2 frost giant simulacra
  2 ettin zombies (Crypt:3)
  2 fire giant simulacra
  8 flying skulls
  An ice dragon zombie (Crypt:3)
  6 spriggans
  A ynoxinul (D:6)
  36 air elementals
  11 shadows
  A black mamba zombie (Crypt:3)
  112 redbacks
  An ice dragon skeleton (Crypt:3)
  38 tarantellas
  26 water elementals
  A tarantella (shapeshifter) (Vaults:1)
  A griffon skeleton (Crypt:1)
  16 wraiths
  2 elf simulacra (Depths:3)
  3 basilisks
  5 humans
  A spriggan (shapeshifter) (Vaults:2)
  10 wyverns
  32 yaks
  10 golden eyes
  A human (shapeshifter) (Depths:2)
  A neqoxec (D:1)
  6 fire elementals
  A hog (D:13)
  A wind drake skeleton (Crypt:2)
  18 hippogriffs
  2 steam dragons
  16 vampire mosquitoes
  2 chaos spawn
  A swamp worm (shapeshifter) (Depths:3)
  A large abomination (Depths:2)
  An infernal demonspawn zombie (Crypt:1)
  7 insubstantial wisps (WizLab)
  2 mottled dragons
  6 wargs
  3 hell hounds
  21 soldier ants
  26 water moccasins
  A faun zombie (Crypt:2)
  2 giant eyeballs
  13 porcupines
  2 giant eyeballs (shapeshifter) (Vaults:2)
  2 sky beasts
  35 orc warriors
  7 ice beasts
  3 slaves (D:7)
  2 black bears
  An ice beast (shapeshifter) (Depths:3)
  A spiny frog skeleton (Crypt:1)
  A manticore zombie (Crypt:2)
  14 wasps
  2 eyes of draining (shapeshifter)
  4 necrophages (Crypt:2)
  An ogre (shapeshifter) (Depths:4)
  26 wolves
  4 phantoms
  46 ogres
  A swamp dragon skeleton (Crypt:3)
  10 eyes of draining
  23 centaurs
  A manticore skeleton (Crypt:3)
  A blink frog skeleton (Crypt:1)
  7 boggarts
  16 crocodiles
  5 big kobolds
  A giant frog (shapeshifter) (Depths:2)
  3 earth elementals
  31 giant frogs
  6 scorpions
  12 wyvern skeletons (Crypt:3)
  A hippogriff zombie (Crypt:1)
  A troll zombie (Crypt:2)
  A yak zombie (Crypt:1)
  A small abomination (Depths:2)
  2 human simulacra (Vaults:3)
  A spriggan zombie (Crypt:3)
  A boulder beetle zombie (Crypt:2)
  22 killer bees
  A spriggan skeleton (Crypt:1)
  10 howler monkeys
  21 wights
  A wolf zombie (Crypt:2)
  5 electric eels
  A yak skeleton (Crypt:2)
  2 centaur zombies
  13 crimson imps
  4 giant frog zombies
  9 hounds
  5 centaur skeletons
  51 jellies
  3 giant frog skeletons
  25 orc priests
  2 gnoll shamans
  An iron imp (D:2)
  Jessica (D:3)
  9 iguanas
  A human skeleton (Crypt:2)
  36 orc wizards
  36 worker ants
  A hell rat (Depths:2)
  59 sheep
  A hound zombie (D:8)
  A hound skeleton (D:8)
  A mummy (Crypt:3)
  A worker ant zombie (D:6)
  92 river rats
  24 adders
  10 gnolls
  6 shadow imps
  A white imp (D:9)
  An ooze (D:3)
  A halfling zombie (Crypt:2)
  2 adder skeletons (D:9)
  3 adder zombies
  3 worms
  3 dart slugs
  9 giant geckos
  113 orcs
  8 bats
  4 giant cockroaches
  6 goblins
  5 hobgoblins
  5 jackals
  16 kobolds
  7 quokkas
  A ball python (D:3)
  8 giant newts
  A giant newt zombie (Crypt:1)
  A quokka skeleton (D:5)
  A quokka zombie (D:7)
  10 rats
  2 lost souls
  4 withered plants (Crypt:3)
3323 creatures vanquished.

Vanquished Creatures (collateral kills)
  A quicksilver dragon (Zot:2)
1 creature vanquished.

Vanquished Creatures (others)
  A golden dragon (Depths:2)
  A sphinx (Zot:2)
  A draconian monk (Zot:3)
  A storm dragon (Zot:3)
  A deep elf sorcerer (Elf:3)
  A ghost moth (Zot:5)
  A draconian knight (Zot:2)
  A curse skull (Crypt:2)
  2 draconian zealots (Zot:3)
  A black draconian (Zot:3)
  A salamander stormcaller (Vaults:3)
  An ettin (Zot:2)
  A merfolk javelineer (Depths:1)
  A hydra (Lair:1)
  A centaur warrior (Vaults:1)
  3 ice dragons
  A dancing weapon (Elf:1)
  A deep troll earth mage (Depths:2)
  A deep troll shaman (Depths:2)
  A merfolk aquamancer (Shoals:4)
  A tengu warrior (Depths:3)
  A deep elf knight (Vaults:2)
  A soul eater (Crypt:3)
  An unseen horror (D:10)
  A deep troll (Depths:3)
  2 deep elf archers
  2 phantasmal warriors
  A hill giant (D:10)
  A manticore (D:13)
  A wolf spider (Spider:3)
  A hornet (Spider:4)
  A griffon (Lair:8)
  A slime creature (Slime:2)
  3 deep elf magi
  An elephant (Lair:6)
  4 moths of wrath
  2 black mambas
  A smoke demon (D:1)
  2 spiny frogs
  A storm dragon simulacrum (Depths:1)
  2 yaktaurs (Vaults:3)
  A tengu conjurer (Depths:1)
  A tengu simulacrum (Depths:3)
  2 two-headed ogres
  3 redbacks
  A vampire mosquito (Vaults:3)
  2 hippogriffs
  A spatial vortex (Zot:2)
  A giant eyeball (shapeshifter) (Vaults:3)
  An orc warrior (D:5)
  3 porcupines (Lair:7)
  A wasp (Spider:4)
  A wolf (Lair:7)
  A necrophage (Crypt:2)
  3 killer bees (D:11)
  A wight (D:10)
  2 orc priests
  2 jellies
  2 orc wizards (Orc:2)
  A worker ant (Lair:5)
  2 river rats
  An orc (D:7)
  2 kobolds
  3 bushes (Lair:8)
  A fire vortex (Vaults:3)
  76 fungi
  7 lost souls
  53 plants
  34 withered plants (Crypt:3)
263 creatures vanquished.

Grand Total: 3587 creatures vanquished

Notes
Turn   | Place    | Note
--------------------------------------------------------------
     0 | D:1      | Yermak the Mummy Warper began the quest for the Orb.
     0 | D:1      | Reached XP level 1. HP: 16/16 MP: 3/3
   508 | D:1      | Reached XP level 2. HP: 22/22 MP: 5/5
  1454 | D:2      | Learned a level 2 spell: Blink
  1519 | D:2      | Reached skill level 3 in Maces & Flails
  1519 | D:2      | Reached XP level 3. HP: 9/27 MP: 6/6
  2332 | D:2      | Reached XP level 4. HP: 33/33 MP: 7/7
  3325 | D:3      | Noticed Jessica
  3556 | D:3      | Killed Jessica
  3583 | D:3      | Reached XP level 5. HP: 22/38 MP: 8/8
  3797 | D:3      | Found a white marble altar of Elyvilon.
  4427 | D:4      | Noticed a phantom
  4895 | D:4      | Killed a phantom
  5090 | D:4      | Reached XP level 6. HP: 44/44 MP: 9/9
  5247 | D:4      | Found a sacrificial altar of Ru.
  5265 | D:4      | Became a worshipper of Ru the Awakened
  7629 | D:5      | Entered Level 5 of the Dungeon
  7630 | D:5      | Noticed an orc warrior
  8170 | D:3      | Reached skill level 6 in Maces & Flails
  9203 | D:3      | Reached XP level 7. HP: 32/51 MP: 10/10
  9364 | D:3      | Reached skill level 3 in Fighting
  9740 | D:4      | Reached skill level 4 in Fighting
 10210 | D:5      | Reached skill level 5 in Fighting
 10285 | D:5      | Found a sacrificial altar of Ru.
 12204 | D:3      | Learned a level 2 spell: Shroud of Golubria
 12573 | D:5      | Found a stormy altar of Qazlal.
 12842 | D:5      | Reached skill level 6 in Fighting
 12982 | D:5      | Reached XP level 8. HP: 62/64 MP: 11/11
 13090 | D:5      | Gained mutation: You are sensitive to extremes of temperature (rF-, rC-). [Ru sacrifice]
 13090 | D:5      | Reached * piety under Ru
 13090 | D:5      | Reached ** piety under Ru
 13090 | D:5      | Reached *** piety under Ru
 13236 | D:5      | Reached skill level 7 in Fighting
 13900 | D:6      | Found a shadowy altar of Dithmenos.
 13901 | D:6      | Found a sparkling altar of Nemelex Xobeh.
 13901 | D:6      | Found an iron altar of Okawaru.
 15225 | D:5      | Reached XP level 9. HP: 71/72 MP: 12/12
 15377 | D:6      | Found Hanoyloo's Antique Armour Emporium.
 15385 | D:6      | Bought a cloak for 121 gold pieces
 15385 | D:6      | Bought a pair of boots for 121 gold pieces
 15483 | D:6      | Found an oddly glowing altar of Pakellas.
 15483 | D:6      | Found Pakellas's Prime Provisions.
 15531 | D:6      | Found a shadowy altar of Dithmenos.
 15652 | D:6      | Reached skill level 1 in Armour
 15668 | D:6      | Found Sageg's Distillery.
 16106 | D:6      | Reached skill level 3 in Armour
 16666 | D:7      | Reached skill level 9 in Maces & Flails
 16841 | D:7      | Got a crude leather armour
 16855 | D:7      | Gained mutation: You are hated by all. [Ru sacrifice]
 16855 | D:7      | Reached **** piety under Ru
 16903 | D:6      | Identified the +1 leather armour of Nal Vyuj {rF- MR+ Str+4 Dex+4} (You found it on level 7 of the Dungeon)
 17444 | D:7      | Found a staircase to the Ecumenical Temple.
 18023 | D:8      | Noticed a seven-headed hydra
 18174 | D:8      | Reached XP level 10. HP: 76/79 MP: 13/13
 18187 | D:8      | Noticed epen's ghost (novice CeHu)
 18351 | D:8      | Reached skill level 1 in Evocations
 18933 | D:8      | Found Roumn's Antique Weapon Shop.
 18956 | D:8      | Got a dazzling rapier
 19268 | D:8      | Noticed Pikel
 19424 | D:7      | Reached skill level 3 in Evocations
 19466 | D:7      | Killed Pikel
 19899 | D:8      | Killed epen's ghost
 20515 | D:9      | Noticed a cyclops
 20702 | D:9      | Found a burning altar of Makhleb.
 20718 | D:9      | Gained mutation: You cannot study or cast Air magic. [Ru sacrifice]
 20718 | D:9      | Gained mutation: You cannot study or cast Necromancy magic. [Ru sacrifice]
 20718 | D:9      | Gained mutation: You cannot study or cast Summoning magic. [Ru sacrifice]
 20718 | D:9      | Reached ***** piety under Ru
 20742 | D:8      | Identified the +7 rapier of Painful Death {pierce, rPois rC+} (You found it on level 8 of the Dungeon)
 21033 | D:9      | Killed a cyclops
 21484 | D:9      | Reached skill level 8 in Fighting
 22086 | D:10     | Entered Level 10 of the Dungeon
 22316 | D:10     | Reached XP level 11. HP: 83/87 MP: 14/14
 22421 | D:10     | Noticed a hill giant
 22779 | D:9      | Reached skill level 9 in Fighting
 23242 | D:10     | Killed a hill giant
 23349 | D:10     | Killed an unseen horror
 23763 | D:10     | Gained mutation: You cannot be stealthy. [Ru sacrifice]
 23866 | D:10     | Reached skill level 10 in Fighting
 23928 | D:10     | Learned a level 4 spell: Passage of Golubria
 24016 | D:11     | Found a staircase to the Lair.
 24326 | D:11     | Noticed a purple ugly thing
 24409 | D:11     | Killed a purple ugly thing
 24852 | D:11     | Noticed a hill giant
 25425 | D:10     | Killed a hill giant
 25610 | D:11     | Noticed a griffon
 26121 | D:11     | Found a staircase to the Orcish Mines.
 26525 | D:11     | Found a shattered altar of Ashenzari.
 26906 | D:12     | Noticed a green ugly thing
 26918 | D:12     | Killed a green ugly thing
 26918 | D:12     | Reached skill level 3 in Translocations
 27600 | D:12     | Reached XP level 12. HP: 51/97 MP: 15/15
 28152 | D:12     | Gained mutation: You occasionally shout uncontrollably at your foes. [Ru sacrifice]
 28152 | D:12     | Reached ****** piety under Ru
 28540 | D:13     | Reached skill level 12 in Maces & Flails
 28791 | Lair:1   | Entered Level 1 of the Lair of Beasts
 28801 | Lair:1   | Noticed a five-headed hydra
 28824 | Lair:1   | Killed a five-headed hydra
 30270 | Lair:2   | Reached skill level 3 in Dodging
 32037 | Lair:3   | Gained mutation: You are in touch with the powers of death. [Mummy growth]
 32037 | Lair:3   | Gained mutation: You can restore your body by infusing magical energy. [Mummy growth]
 32037 | Lair:3   | Reached XP level 13. HP: 75/103 MP: 16/16
 32662 | Lair:3   | Reached skill level 6 in Dodging
 34186 | Lair:4   | Noticed Nergalle
 34844 | Lair:4   | Killed Nergalle
 35446 | Lair:5   | Found a hole to the Spider Nest.
 35833 | Lair:5   | Reached skill level 9 in Dodging
 36656 | Lair:5   | Found a staircase to the Shoals.
 37270 | Lair:6   | Noticed Maud
 37976 | Lair:6   | Reached XP level 14. HP: 44/110 MP: 17/17
 39094 | Lair:7   | Found a viscous altar of Jiyva.
 39094 | Lair:7   | Found a staircase to the Slime Pits.
 39521 | Lair:7   | Reached skill level 1 in Throwing
 39929 | Lair:6   | Reached skill level 3 in Throwing
 40558 | Lair:7   | Reached skill level 11 in Fighting
 40917 | Lair:8   | Entered Level 8 of the Lair of Beasts
 41225 | Lair:8   | Reached skill level 1 in Charms
 41505 | Lair:8   | Reached skill level 3 in Charms
 41532 | Lair:8   | Reached skill level 12 in Fighting
 42302 | Lair:8   | Reached XP level 15. HP: 100/122 MP: 18/18
 42414 | Lair:8   | Reached skill level 13 in Fighting
 42854 | Lair:8   | Identified a scroll of acquirement
 43408 | Lair:5   | Killed Maud
 43577 | Orc:1    | Entered Level 1 of the Orcish Mines
 43803 | Orc:1    | Noticed Erolcha
 43898 | D:13     | Found a gate to the Vaults.
 43920 | D:13     | Reached skill level 14 in Fighting
 44381 | D:13     | Found Puczist's Magic Scroll Shop.
 45263 | D:13     | Noticed Kirke
 45273 | D:13     | Killed Kirke
 46151 | D:14     | Reached skill level 15 in Fighting
 46760 | D:15     | Entered Level 15 of the Dungeon
 46812 | D:15     | Found Uduassat's Assorted Antiques.
 46993 | D:15     | Noticed Roxanne
 47141 | D:15     | Reached skill level 15 in Maces & Flails
 47500 | D:15     | Found a staircase to the Depths.
 47923 | D:15     | Found a portal to a secret trove of treasure.
 48316 | D:14     | Reached XP level 16. HP: 136/136 MP: 19/19
 49164 | Orc:1    | Killed Erolcha
 49383 | Orc:2    | Entered Level 2 of the Orcish Mines
 49480 | Orc:1    | Noticed Snorg
 49497 | Orc:1    | Killed Snorg
 50533 | Orc:2    | Found a staircase to the Elven Halls.
 50566 | Orc:2    | Found Lugywk's Jewellery Emporium.
 51502 | Orc:2    | Found Duowet's Food Emporium.
 51502 | Orc:2    | Found Galleth's Antique Weapon Shop.
 51507 | Orc:2    | Found Donkaen's Food Shop.
 51507 | Orc:2    | Found Seicaano's Food Emporium.
 51710 | Spider:1 | Entered Level 1 of the Spider Nest
 51772 | Lair:4   | Reached skill level 6 in Armour
 52447 | Orc:2    | Bought an uncursed ring of resist corrosion for 240 gold pieces
 53324 | Spider:1 | Noticed Asterion
 53487 | Spider:2 | HP: 6/136 [jumping spider (4)]
 54970 | Spider:3 | Reached XP level 17. HP: 130/142 MP: 21/21
 55012 | Spider:3 | Got a polished leather armour
 55032 | Spider:3 | Identified the cursed +0 leather armour of Seillorr {rF+ Int+4} (You found it on level 3 of the Spider Nest)
 55931 | Spider:4 | Entered Level 4 of the Spider Nest
 55969 | Spider:4 | Noticed Arachne
 56027 | Spider:4 | Noticed Mara
 56035 | Spider:3 | Reached skill level 9 in Armour
 56220 | Spider:3 | Killed Arachne
 57180 | Spider:4 | Noticed Yermak's illusion
 57403 | Spider:4 | Noticed Yermak's illusion
 57463 | Spider:4 | Killed Mara
 57957 | Spider:4 | Reached skill level 18 in Maces & Flails
 58903 | Spider:4 | Reached skill level 16 in Fighting
 58955 | Spider:4 | Got a gossamer rune of Zot
 59141 | Spider:2 | Reached XP level 18. HP: 113/151 MP: 19/22
 59208 | Spider:1 | Killed Asterion
 59405 | Spider:1 | Noticed JetFlynn's ghost (adept TrMo)
 59900 | Spider:1 | Killed JetFlynn's ghost
 60341 | Orc:2    | Bought an uncursed ring of fire for 300 gold pieces
 60442 | Vaults:1 | Entered Level 1 of the Vaults
 60475 | Vaults:1 | Reached skill level 17 in Fighting
 61571 | Vaults:1 | Reached skill level 18 in Fighting
 61972 | Vaults:2 | Noticed Jorgrun
 62002 | Vaults:2 | Killed Jorgrun
 62942 | Vaults:2 | Reached skill level 6 in Translocations
 63612 | Vaults:2 | Reached XP level 19. HP: 161/165 MP: 19/23
 64119 | Vaults:2 | Reached skill level 6 in Evocations
 65198 | Vaults:3 | Found a staircase to the Crypt.
 65198 | Vaults:3 | Found an ancient bone altar of Kikubaaqudgha.
 65238 | Vaults:3 | Found a basalt altar of Yredelemnul.
 65483 | Vaults:3 | Reached skill level 9 in Evocations
 67503 | Vaults:4 | Reached XP level 20. HP: 145/172 MP: 27/27
 67576 | Vaults:4 | Noticed Margery
 67622 | Vaults:4 | Killed Margery
 67894 | Vaults:4 | Reached skill level 12 in Dodging
 68233 | Vaults:4 | Noticed Aizul
 68257 | Vaults:4 | Killed Aizul
 68449 | Vaults:4 | Found Zopsua Haufu's General Store.
 68457 | Vaults:4 | Bought 2 throwing nets for 90 gold pieces
 69011 | Crypt:1  | Entered Level 1 of the Crypt
 70687 | Crypt:1  | Reached skill level 12 in Armour
 71081 | Crypt:2  | Found a magical portal.
 71084 | WizLab   | Entered The Chambers of Rocicw the Cloud Mage
 71813 | WizLab   | Learned a level 2 spell: Passwall
 71818 | WizLab   | Identified the Guide on Flight
 71825 | WizLab   | Identified the Disquisition on Weightlessness
 72627 | Crypt:2  | Reached XP level 21. HP: 129/179 MP: 28/28
 72754 | Crypt:2  | Reached skill level 19 in Fighting
 73364 | Crypt:3  | Entered Level 3 of the Crypt
 73567 | Crypt:3  | Found an ancient bone altar of Kikubaaqudgha.
 74107 | Crypt:3  | Identified a +6 rod of shadows (13/13) (You found it on level 3 of the Crypt)
 74111 | Crypt:3  | Noticed an ancient lich
 74190 | Crypt:3  | Killed an ancient lich
 74251 | Crypt:3  | Reached skill level 20 in Fighting
 74488 | Crypt:3  | Noticed an ancient lich
 74504 | Crypt:3  | Killed an ancient lich
 74842 | Crypt:3  | Got a translucent jade ring
 74869 | Crypt:3  | Identified the ring of Mugejuor {rF+ rN+ Dex+2} (You took it off a necromancer on level 3 of the Crypt)
 75250 | Crypt:3  | Identified the Incunabulum of Calling and Ignition
 75263 | Crypt:3  | Got a coiled platinum ring
 75264 | Crypt:3  | Identified the ring "Lapeiroi" {rN+ Int+4} (You found it on level 3 of the Crypt)
 75266 | Crypt:3  | Got a smoking iron ring
 75267 | Crypt:3  | Identified the ring "Zothegh" {rN+ Dex+2} (You found it on level 3 of the Crypt)
 75730 | Crypt:3  | Reached skill level 21 in Fighting
 76116 | Crypt:3  | Found a staircase to the Tomb.
 76480 | Crypt:3  | Identified a +2 rod of ignition (13/13) (You found it on level 3 of the Crypt)
 77646 | Elf:1    | Entered Level 1 of the Elven Halls
 78101 | Elf:1    | Found an ancient bone altar of Kikubaaqudgha.
 78415 | Elf:1    | Reached skill level 6 in Throwing
 78426 | Elf:1    | Reached XP level 22. HP: 165/194 MP: 29/29
 78632 | Elf:1    | Identified the Volume of Attacks and Creation
 78872 | Elf:2    | Found Kearheu's Distillery.
 79349 | Elf:2    | Found a huge runed gate.
 79349 | Elf:2    | Found a huge runed gate.
 79350 | Elf:2    | Found a huge runed gate.
 79351 | Elf:2    | Found a huge runed gate.
 79360 | Elf:2    | Found a huge runed gate.
 79544 | Elf:2    | Noticed Norris
 79586 | Elf:2    | Killed Norris
 80413 | Elf:2    | Reached skill level 9 in Throwing
 80646 | Elf:3    | Entered Level 3 of the Elven Halls
 80758 | Elf:3    | Found Visah's Antique Armour Shop.
 80772 | Elf:3    | Noticed wvc's ghost (adept HuMo)
 80774 | Elf:3    | Bought a pair of embroidered boots for 171 gold pieces
 82002 | Elf:3    | Killed wvc's ghost
 82242 | Elf:3    | Got a steaming tin ring
 82267 | Elf:2    | Identified the ring of the Eleven Beds {Ice Str+8 SInv Stlth+} (You took it off a deep elf annihilator on level 3 of the Elven Halls)
 82769 | Elf:3    | Got a faintly glowing executioner's axe {chop}
 82770 | Elf:3    | Identified the cursed +3 executioner's axe of Harmony {chop, +Fly rC- Str+6} (You took it off a deep elf demonologist on level 3 of the Elven Halls)
 82890 | Elf:3    | Identified the Catalogue of the Traveller
 82900 | Elf:3    | Identified the Grimoire of Conjuration
 82914 | Elf:3    | Got a twisted ring mail
 82915 | Elf:3    | Identified the cursed +0 ring mail "Heiqennu" {MR+} (You found it on level 3 of the Elven Halls)
 83194 | Shoals:1 | Entered Level 1 of the Shoals
 83663 | Shoals:1 | Reached skill level 12 in Evocations
 84000 | Shoals:2 | Found Juck's Gadget Emporium.
 84007 | Shoals:2 | Reached XP level 23. HP: 170/202 MP: 32/32
 84631 | Shoals:2 | Reached skill level 9 in Translocations
 84927 | Shoals:3 | Found Jeahubus's Antique Armour Shoppe.
 84959 | Shoals:3 | Bought a runed cloak for 166 gold pieces
 85588 | Shoals:4 | Entered Level 4 of the Shoals
 85844 | Shoals:4 | Got a scintillating copper ring
 85845 | Shoals:4 | Identified the ring of Eternal Night {Ice *Drain rElec rPois} (You found it on level 4 of the Shoals)
 85937 | Shoals:4 | Noticed Ilsuiw
 85943 | Shoals:4 | Killed Ilsuiw
 86785 | Shoals:4 | Got a barnacled rune of Zot
 87062 | Depths:1 | Entered Level 1 of the Depths
 87127 | D:15     | Killed Roxanne
 87253 | Depths:1 | Found a gateway to Hell.
 87358 | Depths:1 | You fall through a shaft!
 87453 | Depths:2 | Reached skill level 12 in Throwing
 88103 | Depths:1 | Found a gateway to a ziggurat.
 88259 | Depths:1 | Reached skill level 1 in Transmutations
 88259 | Depths:1 | Reached skill level 1 in Earth Magic
 88276 | Depths:1 | Identified a +4 rod of shadows (13/13) (You found it on level 1 of the Depths)
 88908 | Depths:2 | Reached skill level 3 in Transmutations
 88908 | Depths:2 | Reached skill level 3 in Earth Magic
 88995 | Depths:2 | Found Nutruemaywk's Antique Weapon Shoppe.
 89026 | Depths:2 | Found a runed gate.
 89026 | Depths:2 | Found a runed gate.
 89026 | Depths:2 | Found a runed gate.
 89265 | Depths:2 | Found a runed gate.
 89265 | Depths:2 | Found a runed gate.
 89265 | Depths:2 | Found a runed gate.
 89508 | Depths:2 | Reached XP level 24. HP: 161/210 MP: 32/32
 89576 | Depths:2 | Found a runed gate.
 89576 | Depths:2 | Found a runed gate.
 89576 | Depths:2 | Found a runed gate.
 89807 | Depths:2 | Got a coiled granite ring
 89808 | Depths:2 | Identified the ring "Hemios" {Ice MR+ MP+9 Int+2 Dex-3} (You found it on level 2 of the Depths)
 89814 | Depths:2 | Got a steaming rapier
 89815 | Depths:2 | Identified the +6 rapier "Beast's Funeral" {venom, Stlth+} (You found it on level 2 of the Depths)
 90678 | Depths:3 | Got a spiked large shield
 90679 | Depths:3 | Identified the +4 large shield "Buonif" {Int+6 Dex+3} (You took it off a skeletal warrior on level 3 of the Depths)
 91231 | Depths:3 | Found a white marble altar of Elyvilon.
 91258 | Depths:3 | Identified a +0 rod of inaccuracy (14/14) (You found it on level 3 of the Depths)
 91383 | Depths:3 | Reached skill level 15 in Throwing
 91596 | Depths:3 | Found a sacrificial altar of Ru.
 92366 | Depths:3 | Found a bloodstained altar of Trog.
 92433 | Depths:3 | Found a one-way gate leading to the halls of Pandemonium.
 92629 | Depths:3 | Found a radiant altar of Vehumet.
 92643 | Depths:3 | Got a bloodstained chain mail
 92644 | Depths:3 | Identified the +0 chain mail "Fuhotaw" {Slay+5 SInv} (You took it off a tengu warrior on level 3 of the Depths)
 92660 | Depths:3 | Found a one-way gate to the infinite horrors of the Abyss.
 93023 | Depths:3 | Reached skill level 22 in Fighting
 93807 | Depths:3 | Reached XP level 25. HP: 167/219 MP: 32/32
 93963 | Depths:3 | Identified the Disquisition on Mutagenic Poisoning
 94734 | Depths:4 | Reached skill level 23 in Fighting
 94935 | Depths:4 | Found Zuepridd's Antique Weapon Shop.
 95853 | Depths:4 | Got a transparent copper ring
 95854 | Depths:4 | Identified the ring "Ofeod" {rC+ rN+ MR++ Dex-2} (You found it on level 4 of the Depths)
 95877 | Depths:4 | You fall through a shaft!
 95877 | Depths:5 | Entered Level 5 of the Depths
 95877 | Depths:5 | Found a gate to the Realm of Zot.
 96064 | Depths:5 | Reached skill level 24 in Fighting
 96114 | Depths:5 | Noticed Mennas
 96236 | Depths:5 | Noticed Jory
 96242 | Depths:5 | Killed Jory
 97281 | Depths:5 | Killed Mennas
 98053 | Elf:3    | Bought a shimmering plate armour for 1064 gold pieces
 98055 | Elf:3    | Identified the cursed +0 plate armour of Parlour Games {Regen+} (You bought it in a shop on level 3 of the Elven Halls)
 98338 | Slime:1  | Entered Level 1 of the Pits of Slime
 99746 | Slime:2  | Gained mutation: You are strongly in touch with the powers of death. [Mummy growth]
 99746 | Slime:2  | Reached XP level 26. HP: 187/229 MP: 30/32
100970 | Elf:3    | Learned a level 3 spell: Portal Projectile
101438 | Slime:5  | Noticed Dissolution
101447 | Slime:5  | Killed Dissolution
102364 | Slime:6  | Entered Level 6 of the Pits of Slime
102656 | Slime:6  | Found a viscous altar of Jiyva.
102658 | Slime:6  | Noticed the Royal Jelly
102671 | Slime:6  | Killed the Royal Jelly
102957 | Slime:6  | Got a slimy rune of Zot
103311 | Slime:6  | Got a slimy plate armour
103312 | Slime:6  | Identified the +1 plate armour "Tana" {rPois rF+} (You found it on level 6 of the Pits of Slime)
103624 | Slime:6  | Got a shimmering plate armour
103625 | Slime:6  | Identified the +10 plate armour "Kiell" {+Inv rF+ Int+2} (You found it on level 6 of the Pits of Slime)
103652 | Slime:6  | Got a pair of jewelled boots
103668 | Slime:6  | Identified the cursed +0 pair of boots "Zoim" {*Contam rElec rPois rC+} (You found it on level 6 of the Pits of Slime)
104145 | D:15     | You showed the slimy rune of Zot to enter a treasure trove
104146 | Trove    | Entered a treasure trove
104333 | Zot:1    | Entered Level 1 of the Realm of Zot
104407 | Zot:1    | Reached skill level 1 in Shields
104430 | Zot:1    | Reached skill level 3 in Shields
106366 | Zot:2    | Reached XP level 27. HP: 217/240 MP: 30/32
107428 | Zot:2    | Reached skill level 15 in Dodging
109150 | Zot:2    | Got a heavily runed chain mail
109151 | Zot:2    | Identified the +1 chain mail "Lewusamp" {Int+4} (You found it on level 2 of the Realm of Zot)
109792 | Zot:3    | Got a pair of faintly glowing boots
109793 | Zot:3    | Identified the +1 pair of boots of Midnight {rPois MR+} (You found it on level 3 of the Realm of Zot)
111064 | Zot:4    | Got a twisted plate armour
111194 | Zot:5    | Entered Level 5 of the Realm of Zot
111951 | Zot:5    | Reached skill level 15 in Armour
112362 | Zot:5    | Noticed an orb of fire
112368 | Zot:5    | Noticed an ancient lich
112375 | Zot:5    | Killed an ancient lich
112381 | Zot:5    | Noticed an ancient lich
112395 | Zot:5    | Killed an ancient lich
112530 | Zot:5    | Noticed an ancient lich
112563 | Zot:5    | Killed an ancient lich
112590 | Zot:5    | Killed an orb of fire
112701 | Zot:5    | Noticed an ancient lich
112728 | Zot:5    | Killed an ancient lich
112767 | Zot:5    | Noticed an orb of fire
112780 | Zot:5    | Killed an orb of fire
113207 | Zot:5    | Noticed an ancient lich
113215 | Zot:5    | Killed an ancient lich
113380 | Zot:5    | Noticed an orb of fire
113402 | Zot:5    | Killed an orb of fire
113427 | Zot:5    | Noticed an orb of fire
113441 | Zot:5    | Killed an orb of fire
113441 | Zot:5    | Reached skill level 18 in Armour
113568 | Zot:5    | Noticed an orb of fire
113578 | Zot:5    | Killed an orb of fire
113628 | Zot:5    | Noticed an orb of fire
113638 | Zot:5    | Killed an orb of fire
114567 | Zot:5    | Got the Orb of Zot
114680 | Zot:3    | Noticed Uqustac the pandemonium lord
114724 | Zot:2    | Noticed Diphar the pandemonium lord
114789 | Depths:5 | Reached skill level 25 in Fighting
114859 | Depths:1 | Noticed Judgh the pandemonium lord
115211 | D:1      | Noticed Jamuomah the pandemonium lord
115228 | D:2      | Noticed Keilaiga the pandemonium lord
115233 | D:2      | Killed Keilaiga the pandemonium lord
115305 | D:$      | Escaped with the Orb!

Vault maps used:
D:1:      sevenhm_arrival_forest_fort_small_6
D:3:      elyvilon_altar_4, first_bread, uniq_jessica
D:4:      kennysheep_pointless_box, nicolae_ru_great_annihilating_truth
D:5:      nicolae_qazlal_general_emergency, lemuel_coloured_pillars_altar
D:6:      johnstein_pakellas_shop, gammafunk_temple_overflow_forgotten,
          serial_shops, shop, shop, hex_large, nicolae_dithmenos_the_darkroom
D:7:      minmay_temple_entry_trees, grunt_livestock, grunt_ministairs_13
D:8:      serial_shops, nicolae_shop_trees, uniq_pikel
D:9:      lemuel_doored_altar, minmay_fire_ice_demons
D:11:     erik_lair_orcish_takeover, evilmike_ruin_ashenzari
D:13:     david_vaults_5, serial_shops, shop, minmay_misc_feat_hallway,
          uniq_kirke
D:15:     hangedman_depths_entry_try_elsewhere_first, serial_shops, shop,
          nicolae_trove_entry_crossroad, minmay_misc_feat_tower, uniq_roxanne
Lair:1:   serial_bayou_shore_b, serial_bayou_shore_b, lemuel_fruit_fields
Lair:2:   serial_bayou_shore_a
Lair:3:   infiniplex_staircase_pool, grunt_megastairs_2
Lair:4:   grunt_megastairs_3, serial_bayou_shore_b, uniq_nergalle
Lair:5:   minmay_shoals_entry_hut, dummy_spider_entry, serial_bayou_ford_a,
          minivault_11, minivault_29, lemuel_fruit_tree
Lair:6:   beast_lair_carwin_5, grunt_megastairs_5, uniq_maud
Lair:7:   dpeg_slime_entry_enclosed_altar
Lair:8:   hangedman_lair_tendril_chambers, minmay_hedge_maze
Shoals:2: serial_shops, shop_statue
Shoals:3: serial_shops, nicolae_shop_statue_plus, nicolae_shoals_mertower
Shoals:4: shoals_end_simple, shoal_ilsuiw
Spider:1: spider_temple_joshua, uniq_asterion
Spider:2: nicolae_spider_webbed_stairs
Spider:4: spider_rune_water, guppyfry_spider_mini_2, uniq_arachne, uniq_mara
Slime:4:  nicolae_slime_round_cave
Slime:5:  uniq_dissolution
Orc:1:    uniq_erolcha, uniq_snorg
Orc:2:    grunt_orc_tribal_feast, serial_shops, nicolae_shop_waterfront
Elf:1:    basic_altar, serial_corexii_hall, corexii_hall_statues_deadend,
          corexii_hall_statues_s, minmay_elf_sorcery, kilobyte_mutagenic_chamber
Elf:2:    serial_shops, nicolae_shop_crystal, grunt_ministairs_15, uniq_norris
Elf:3:    elf_hall, serial_shops, shop, st_stairs_12
Vaults:1: ontoclasm_vaults_fault, nicolae_vaults_little_squares_6,
          nicolae_vaults_ring_of_whatevers, v_pattern_2, vaults_mumra_hex,
          ontoclasm_vaults_chip
Vaults:2: ontoclasm_vaults_pinch, grunt_vaults_swirl, hangedman_vaults_nodes,
          nicolae_vaults_circle_grid_b, v_pattern_3, hangedman_vaults_locks,
          nicolae_vaults_shelves_hall, nicolae_vaults_an_arrangement,
          vaults_room_large_hall, vaults_dpeg_ring, uniq_jorgrun
Vaults:3: v_rooms_1, nicolae_vaults_twisting_passages, vaults_dpeg_cross,
          vaults_room_semicircle, v_misc_15, v_misc_32,
          minmay_crypt_entry_necro_gods, st_octagons_2, hangedman_vaults_cutoff,
          vaults_room_ringed_pool, v_misc_11, vaults_room_corners,
          nicolae_vaults_shelves_hall, nicolae_vaults_little_squares_4,
          ontoclasm_vaults_shuriken
Vaults:4: nicolae_vaults_gold_heap, vaults_room_semicircle, v_misc_28,
          nicolae_vaults_little_squares_5, vaults_room_door_hall, v_misc_14,
          v_alt_pattern_3, vaults_room_stairs_pillars, vaults_mumra_minichess,
          nicolae_vaults_border_crossing, serial_shops, shop_coins, uniq_aizul,
          uniq_margery
Crypt:2:  mu_enter_wizlab_1, st_stairs_12
Crypt:3:  evilmike_haunted_forest
Depths:1: enter_ziggurat_c, grunt_hell_entry_dis_mu, minmay_misc_feat_ornament,
          due_unseen_surprise
Depths:2: kennysheep_treasure_stockpile, serial_shops, shop,
          hangedman_abyss_or_decor_jellyfish_corner, hell_entry,
          hangedman_abyss_or_decor_lesser_grid, pandoras_box_mu,
          infiniplex_staircase_zigzag_2, serial_bayou_shore_b, firewood_loft
Depths:3: grunt_profane_halls, serial_shops, abyss_entry, pan_entry, hell_entry
Depths:4: minmay_smoke_and_mirrors, abyss_entry, hangedman_decor_lopped,
          pf_dread_powers_of_hell, serial_shops, shop_statue, serial_sigils,
          serial_sigils_hangedman_carve, serial_sigils_hangedman_shear,
          serial_sigils_hangedman_writhe, serial_sigils_hangedman_quiver,
          serial_sigils_hangedman_gnaw, infiniplex_staircase_zigzag_5
Depths:5: grunt_zot_entry_bicorn, grunt_mini_vestibule, eino_curves_03,
          uniq_mennas, uniq_jory
Zot:2:    hangedman_zot_vaults_quadrants, basic_stair_grate_trap
Zot:3:    grunt_megastairs_1
Zot:4:    hangedman_zot_decor_slant
Trove:    trove_wands_scrolls
WizLab:   wizlab_cloud

Skill      XL: |  1  2  3  4  5  6  7  8  9 10 11 12 13 14 15 16 17 18 19 20 21 22 23 24 25 26 27 |
---------------+----------------------------------------------------------------------------------+-----
Maces & Flails | 2 3 4 5 6 8 10 11 13 14 15 17 18 20 | 20.1
Fighting       | 6 7 8 10 12 15 16 18 21 22 24 25 | 25.1
Armour         | 3 5 8 9 13 19 | 19.1
Evocations     | 5 10 12 | 12.0
Translocations | 4 5 7 8 9 |  9.0
Dodging        | 5 9 11 12 13 17 | 17.8
Throwing       | 3 6 9 13 16 | 16.1
Charms         | 3 |  3.0
Transmutations | 3 |  3.0
Earth Magic    | 3 |  3.0
Shields        | 5 |  5.2
Spellcasting   | |  2.0

Action                   |  1- 3 |  4- 6 |  7- 9 | 10-12 | 13-15 | 16-18 | 19-21 | 22-24 | 25-27 || total
-------------------------+-------+-------+-------+-------+-------+-------+-------+-------+-------++-------
Melee: Mace              |   113 |   167 |       |       |       |       |       |       |       ||   280
       Spear             |    24 |    33 |     6 |       |       |       |       |       |       ||    63
       Flail             |       |   128 |   769 |  1646 |  2236 |       |       |       |       ||  4779
       Great mace        |       |       |       |       |   435 |  1672 |  2692 |  2085 |   942 ||  7826
       Eveningstar       |       |       |       |       |       |       |       |       |  1166 ||  1166
 Fire: Blowgun           |       |       |       |       |       |       |       |     1 |    46 ||    47
Throw: Stone             |    69 |   169 |   141 |    16 |     2 |       |     1 |       |       ||   398
       Tomahawk          |     1 |       |       |    62 |   171 |   206 |    34 |       |       ||   474
       Javelin           |       |       |       |    89 |     3 |     1 |    62 |   633 |  1188 ||  1976
       Throwing net      |       |       |       |     2 |       |       |       |       |     9 ||    11
 Cast: Shroud of Golubri |       |       |     2 |       |     4 |    52 |     8 |    18 |     6 ||    90
       Blink             |       |       |       |       |       |    21 |     7 |     9 |     7 ||    44
       Apportation       |       |       |       |       |       |     1 |     7 |    24 |   118 ||   150
       Passage of Golubr |       |       |       |       |       |       |     9 |     8 |    18 ||    35
       Passwall          |       |       |       |       |       |       |       |     2 |     2 ||     4
       Portal Projectile |       |       |       |       |       |       |       |       |     9 ||     9
Invok: Draw Out Power    |       |       |     2 |     2 |     2 |     5 |     2 |     1 |     2 ||    16
       Sacrifice Resista |       |       |     1 |       |       |       |       |       |       ||     1
       Power Leap        |       |       |     1 |    14 |    18 |    19 |     8 |     1 |       ||    61
       Sacrifice Love    |       |       |     1 |       |       |       |       |       |       ||     1
       Sacrifice Arcana  |       |       |       |     1 |       |       |       |       |       ||     1
       Sacrifice Stealth |       |       |       |     1 |       |       |       |       |       ||     1
       Sacrifice Purity  |       |       |       |     1 |       |       |       |       |       ||     1
       Apocalypse        |       |       |       |       |       |     4 |     3 |     3 |     4 ||    14
 Abil: Evoke Flight      |       |       |       |       |       |     2 |     1 |       |       ||     3
       Evoke Invisibilit |       |       |       |       |       |       |       |       |     5 ||     5
       Turn Visible      |       |       |       |       |       |       |       |       |     4 ||     4
Evoke: Wand              |       |       |       |     4 |    51 |    67 |    26 |    31 |    21 ||   200
       Deck              |       |       |       |       |       |     2 |     3 |     1 |       ||     6
       Lamp of fire      |       |       |       |       |       |     2 |     2 |     2 |     1 ||     7
       Fan of gales      |       |       |       |       |       |       |     1 |       |       ||     1
       Rod               |       |       |       |       |       |       |       |     2 |     1 ||     3
  Use: Scroll            |       |     4 |     1 |    11 |     8 |    31 |    12 |    17 |    38 ||   122
 Stab: Paralysed         |       |     2 |       |    16 |    42 |    36 |    62 |    13 |    23 ||   194
       Invisible         |       |     1 |    10 |    31 |    55 |    30 |    29 |    25 |    53 ||   234
       Distracted        |       |       |     1 |     7 |    11 |     9 |    20 |    18 |    13 ||    79
       Confused          |       |       |       |       |     6 |     9 |     4 |     2 |     1 ||    22
       Fleeing           |       |       |       |       |       |     1 |       |       |       ||     1
       Held in net/web   |       |       |       |       |       |       |       |       |    12 ||    12
       Petrifying        |       |       |       |       |       |       |       |       |     4 ||     4
       Sleeping          |       |       |       |       |       |       |       |       |     2 ||     2
Armor: Scale mail        |    50 |   100 |       |       |       |       |       |       |       ||   150
       Leather armour    |     1 |       |       |       |       |       |       |       |       ||     1
       Chain mail        |       |    32 |   145 |       |       |       |       |       |       ||   177
       Plate armour      |       |       |   278 |   562 |       |       |       |       |       ||   840
       Ring mail         |       |       |       |   262 |   684 |   267 |     5 |       |       ||  1218
       Fire dragon armou |       |       |       |       |       |   457 |  1195 |   941 |   861 ||  3454
Dodge: Dodged            |    59 |   115 |   227 |   587 |  1647 |  1238 |  1513 |  1204 |  1132 ||  7722
Block: Buckler           |       |       |       |       |       |       |       |       |   402 ||   402
       Reflection        |       |       |       |       |       |       |       |       |    14 ||    14
